 Dungeon Crawl Stone Soup version 0.14-a0-1097-gc7db7fc (webtiles) character file.

164 PolkaDot the Sneak (level 4, -1/28 HPs)
             Began as a Vampire Wizard on Nov 26, 2013.
             Slain by a worm (12 damage)
             ... on Level 3 of the Dungeon.
             The game lasted 00:08:27 (2223 turns).

PolkaDot the Sneak (Vampire Wizard)                 Turns: 2223, Time: 00:08:28

HP  -1/28        AC  2     Str  6      XL: 4   Next: 26%
MP   2/12        EV 12     Int 21      God:
Gold 78          SH  0     Dex 12      Spells:  3 memorised,  2 levels left

rFire  . . .     SeeInvis +     n - +2,+0 elf dagger
rCold  . . .     Clarity  .     m - +0 robe (curse)
rNeg   . . .     Conserve .     (no shield)
rPois  .         rCorr    .     b - +0 wizard hat
rElec  .         rRot     .     (no cloak)
SustAb . .       Spirit   .     (no gloves)
rMut   .         Warding  .     (no boots)
Saprov . . .     Stasis   .     (no amulet)
                                (no ring)
                                (no ring)

@: regenerating quickly, very slightly contaminated, slightly resistant to
hostile enchantments, stealthy
A: fangs 3, see invisible, unbreathing
a: no special abilities


You were on level 3 of the Dungeon.
You were full.

You visited 1 branch of the dungeon, and saw 3 of its levels.

You collected 78 gold pieces.

Inventory:

Hand weapons
 n - a +2,+0 elven dagger (weapon)
Armour
 b - a +0 wizard hat (worn)
 m - a cursed +0 robe (worn)
Scrolls
 a - 3 scrolls of remove curse {unknown}
 d - 2 scrolls of noise {unknown}
 e - a scroll of enchant weapon I {unknown}
 f - 2 scrolls of fog {unknown}
 i - a scroll of recharging {unknown}
 j - a scroll of curse weapon {unknown}
 k - 2 scrolls of teleportation {unknown}
 l - a scroll of curse armour {unknown}
 p - 3 scrolls of blinking {unknown}
Jewellery
 q - an uncursed amulet of faith {unknown}
Potions
 g - a potion of heal wounds {unknown}
 h - 2 potions of curing
 o - a potion of poison {unknown}
 r - a potion of speed {unknown}
Books
 c - a book of Minor Magic

   Spells                             Type                      Level
   *Magic Dart                        Conjuration                  1
   Blink                              Translocation                2
   Call Imp                           Summoning                    2
   Repel Missiles                     Charms/Air                   2
   Slow                               Hexes                        2
   *Conjure Flame                     Conjuration/Fire             3
   *Mephitic Cloud                    Conjuration/Poison/Air       3


   Skills:
 - Level 2.1 Dodging
 - Level 3.0 Stealth
 - Level 3.0 Spellcasting
 * Level 2.9 Conjurations
   Level 1.0 Summonings
   Level 0.7 Translocations
 + Level 1.0 Air Magic


You had 2 spell levels left.
You knew the following spells:

 Your Spells              Type           Power        Failure   Level  Hunger
a - Magic Dart            Conj           ###.         4%          1    None
d - Mephitic Cloud        Conj/Pois/Air  #.......     24%         3    ###....
s - Conjure Flame         Conj/Fire      #.......     24%         3    ###....


Dungeon Overview and Level Annotations

Branches:
Dungeon (3/16)

Altars:


Innate Abilities, Weirdness & Mutations

Your natural rate of healing is unusually fast.
You have razor-sharp teeth.*
You have supernaturally acute eyesight.
You can survive without breathing.*


Message History

The worm bites you but does no damage.
You barely miss the worm.
The worm is almost dead.
You barely miss the worm.
The worm is almost dead.
The worm barely misses you.
You barely miss the worm.
The worm is almost dead.
The worm closely misses you.
You hit the worm.
The worm is almost dead.
You barely miss the worm.
The worm is almost dead.
The worm bites you!
You hit the worm.
The worm is almost dead.
You hit the worm but do no damage.
The worm is almost dead.
The worm bites you!
You die...

#.......#
#.......#
####'####
#....#
####.# #.##
#..#
#####.##
#....@.#
#....w)#
#......#
..........#
###......#
#......#
#......#
#......#
#......#


You could see a worm.

Vanquished Creatures
  Ijyb (D:3)
  2 adders
  A giant gecko (D:2)
  An orc (D:3)
  9 bats
  7 goblins
  8 hobgoblins
  3 giant cockroaches
  A giant newt (D:2)
  3 jackals (D:3)
  8 kobolds
  4 rats
48 creatures vanquished.

Notes
Turn   | Place    | Note
--------------------------------------------------------------
     0 | D:1      | PolkaDot, the Vampire Wizard, began the quest for the Orb.
     0 | D:1      | Reached XP level 1. HP: 11/11 MP: 6/6
   171 | D:1      | Reached skill level 1 in Conjurations
   378 | D:1      | Reached XP level 2. HP: 17/17 MP: 5/8
  1261 | D:2      | Reached XP level 3. HP: 22/22 MP: 8/10
  1779 | D:3      | Learned a level 3 spell: Conjure Flame
  1783 | D:3      | Learned a level 3 spell: Mephitic Cloud
  1832 | D:3      | Noticed Ijyb
  1860 | D:3      | Killed Ijyb
  1961 | D:3      | Reached XP level 4. HP: 15/28 MP: 12/12
  2079 | D:3      | Reached skill level 1 in Air Magic
  2223 | D:3      | Slain by a worm

Action                   |  1- 3 |  4- 6 || total
-------------------------+-------+-------++-------
Melee: Dagger            |    33 |    13 ||    46
 Cast: Magic Dart        |    79 |    18 ||    97
       Mephitic Cloud    |     2 |       ||     2
       Conjure Flame     |       |     1 ||     1
  Use: Potion            |     2 |       ||     2
 Stab: Sleeping          |     3 |       ||     3
       Confused          |     2 |       ||     2
